Selects Advanced Infantry Battlegroup
Selects Artillery Observers
Construct Medical Station
Construct Weapon Support Center
Selects Convert to Ranger Squad
Mechanized Support Center
M1918 Browning Automatic Rifles
Selects Frontline Medical Station
Frontline Medical Station
Improved M9 Bazooka Rockets
Designate Forward Repair Station
Frontline Medical Station
Designate Forward Repair Station
Selects M2A1 105mm Howitzer Emplacement
Selects 155mm Rapid Artillery Barrage
Frontline Medical Station